 Dungeon Crawl Stone Soup version 0.30-a0-381-g6ea064c7b4 (webtiles) character file.

Game seed: 8468895713950355346

373 qeuew the Trooper (level 6, -4/55 HPs)
             Began as a Hill Orc Fighter on Dec 1, 2022.
             Slain by a killer bee (5 damage)
             ... on level 8 of the Dungeon.
             The game lasted 00:04:52 (3505 turns).

qeuew the Trooper (Hill Orc Fighter)                Turns: 3505, Time: 00:04:53

Health: -4/55      AC:  9    Str: 20    XL:     6   Next: 71%
Magic:  6/6        EV: 11    Int:  7    God:
Gold:   221        SH:  5    Dex: 14    Spells: 5/5 levels left

rFire   . . .      SeeInvis .    a - +1 war axe
rCold   . . .      Faith    .    c - +0 buckler
rNeg    . . .      Spirit   .    g - +3 ring mail {rPois}
rPois   +          Reflect  .    (no helmet)
rElec   .          Harm     .    (no cloak)
rCorr   .          Rampage  .    (no gloves)
Will    .....                    (no boots)
Stlth   +.........               (no amulet)
HPRegen 0.29/turn                (no ring)
MPRegen 0.10/turn                (no ring)

@: mighty
A: agile 1
a: no special abilities


You were on level 8 of the Dungeon.
You visited 1 branch of the dungeon, and saw 6 of its levels.

You collected 221 gold pieces.

Inventory:

Hand Weapons
 a - a +1 war axe (weapon)
Armour
 c - a +0 buckler (worn)
 g - a +3 ring mail of poison resistance (worn)
Wands
 f - a wand of polymorph (3)
 q - a wand of paralysis (9)
 s - a wand of flame (17)
Scrolls
 b - 2 scrolls of enchant weapon
 i - 2 scrolls of silence
 r - a scroll of identify
Potions
 d - a potion of might
 j - a potion of magic
 l - a potion of attraction {unknown}
 m - a potion of resistance
 n - a potion of brilliance
 p - a potion of flight


   Skills:
 + Level 4.9 Fighting
 + Level 4.4 Axes
 + Level 4.5 Armour
 + Level 2.0 Dodging
 + Level 4.5 Shields
 + Level 1.8 Evocations


You had 5 spell levels left.
You didn't know any spells.
Your spell library contained the following spells:

 Spells                   Type           Power      Damage    Failure   Level
 Ignite Poison            Fire/Tmut/Pois 0%         N/A       96%         3
 Kindle Blastsparks       Fire/Tloc/Air  0%         2d10      96%         3
 Alistair's Intoxication  Tmut/Pois      0%         N/A       100%        5
 Borgnjor's Vile Clutch   Necr/Erth      0%         N/A       100%        5
 Freezing Cloud           Conj/Ice/Air   0%         6-21      100%        5
 Eringya's Noxious Bog    Tmut/Pois      0%         N/A       100%        6


Dungeon Overview and Level Annotations

Branches:
Dungeon (5/15)
 Temple: D:4-7

Altars:
Gozag

Shops:
D:1 *   D:3 *


Innate Abilities, Weirdness & Mutations

You are agile. (Dex +4, Str/Int -1)


Message History

You block the killer bee's attack.
The killer bee stings you but does no damage.
You closely miss the killer bee. You barely miss the killer bee. x2
You block the killer bee's attack. The killer bee closely misses you.
The killer bee barely misses you. The killer bee stings you!
The killer bee stings you. The killer bee closely misses you.
The killer bee stings you.
You are poisoned.
The killer bee poisons you! The killer bee barely misses you.
You block the killer bee's attack.
You closely miss the killer bee. You completely miss the killer bee.
You barely miss the killer bee.
You feel sick. The killer bee stings you.
* * * LOW HITPOINT WARNING * * *
The killer bee stings you but does no damage.
The killer bee stings you.
* * * LOW HITPOINT WARNING * * *
The killer bee stings you.
* * * LOW HITPOINT WARNING * * *
You are more poisoned.
The killer bee poisons you! The killer bee stings you.
* * * LOW HITPOINT WARNING * * *
The killer bee stings you but does no damage.
You feel better. The killer bee stings you.
* * * LOW HITPOINT WARNING * * *
The killer bee stings you.
* * * LOW HITPOINT WARNING * * *
The killer bee misses you. The killer bee barely misses you.
You block the killer bee's attack. The killer bee barely misses you.
Okay, then.
You slash the killer bee!
You kill the killer bee!
You slash the killer bee! You barely miss the killer bee.
The killer bee barely misses you. The killer bee stings you.
* * * LOW HITPOINT WARNING * * *
The killer bee closely misses you.
The killer bee stings you but does no damage.
You block the killer bee's attack.
The killer bee stings you but does no damage.
The killer bee stings you.
You die...

*,, *** ###
########## #..
#........# #..
#yy......#######..
#@yy.(.........#..
#####..........#..
#..........##.
#..........##.
#.....?..y.##.
#.........y.y.
#..........y..
*#...........y.
*,,,,*#########


You could see 4 killer bees.

Vanquished Creatures
  A phantom (D:4)
  A killer bee (D:8)
  A hound (D:4)
  An iguana (D:4)
  Natasha (D:2)
  An orc wizard (D:4)
  3 gnolls (D:5)
  8 adders
  3 worms
  A dart slug (D:1)
  11 orcs
  5 endoplasms
  A giant cockroach (D:3)
  4 goblins
  8 hobgoblins
  4 jackals (D:1)
  5 kobolds
  3 quokkas
  8 ball pythons
  6 bats
  3 frilled lizards
  5 rats
84 creatures vanquished.

Notes
Turn   | Place    | Note
-------+----------+-------------------------------------------
     0 | D:1      | qeuew the Hill Orc Fighter began the quest for the Orb.
     0 | D:1      | Reached XP level 1. HP: 19/19 MP: 1/1
   128 | D:1      | Found Ydoan's General Store.
   158 | D:1      | Reached XP level 2. HP: 20/27 MP: 2/2
   574 | D:1      | Reached XP level 3. HP: 33/33 MP: 3/3
   814 | D:1      | Gained mutation: You occasionally shout uncontrollably at
                  | your foes. [potion of mutation]
   814 | D:1      | Gained mutation: You have hidden genetic defects. [potion
                  | of mutation]
   816 | D:1      | Lost mutation: You occasionally shout uncontrollably at
                  | your foes. [potion of mutation]
   816 | D:1      | Lost mutation: You have hidden genetic defects. [potion of
                  | mutation]
   816 | D:1      | Gained mutation: Potions are less effective at restoring
                  | your health. [potion of mutation]
   816 | D:1      | Gained mutation: Armour fits poorly on your strangely
                  | shaped body. [potion of mutation]
   816 | D:1      | Gained mutation: You have large cloven feet. [potion of
                  | mutation]
   817 | D:1      | Lost mutation: Armour fits poorly on your strangely shaped
                  | body. [potion of mutation]
   817 | D:1      | Lost mutation: Potions are less effective at restoring your
                  | health. [potion of mutation]
   817 | D:1      | Lost mutation: You have large cloven feet. [potion of
                  | mutation]
   817 | D:1      | Gained mutation: You are agile. (Dex +4, Str/Int -1)
                  | [potion of mutation]
   897 | D:2      | Reached skill level 1 in Dodging
  1047 | D:2      | Reached XP level 4. HP: 10/40 MP: 4/4
  1620 | D:2      | Noticed Natasha
  1631 | D:2      | Killed Natasha
  2009 | D:3      | Reached XP level 5. HP: 46/47 MP: 5/5
  2202 | D:3      | Reached skill level 1 in Evocations
  2239 | D:3      | Found an opulent altar of Gozag.
  2260 | D:3      | Found Gozag's Platinum Reserve.
  2528 | D:4      | Noticed a phantom
  2545 | D:4      | Killed a phantom
  2546 | D:4      | Reached XP level 6. HP: 44/53 MP: 6/6
  3318 | D:5      | Entered Level 5 of the Dungeon
  3473 | D:5      | You fall into a shaft and drop 3 floors!
  3480 | D:8      | Noticed a sky beast
  3503 | D:8      | HP: 2/55 [killer bee (1)]
  3505 | D:8      | Slain by a killer bee

Illustrated notes

Levels and vault maps discovered:
D:1:      lemuel_arrival_broad_hall, layout_basic, serial_shops,
          nicolae_shop_window_shopping
D:2:      layout_basic, uniq_natasha
D:3:      layout_basic, nicolae_gozag_zags_fifth_avenue
D:4:      layout_basic
D:5:      minmay_clustersquares, layout_gridville,
          grunt_temple_overflow_order_and_chaos_1
D:8:      layout_basic, grunt_temple_overflow_open, nicolae_ossuary_entry_giza,
          serial_glass, glass_columns_b, glass_columns_c, due_unseen_surprise,
          item_on_display_a, item_on_display_a

Skill      XL: |  1  2  3  4  5  6 |
---------------+-------------------+-----
Axes           | 3 4 |  4.4
Fighting       | 4 |  4.9
Dodging        | 1 2 |  2.0
Shields        | 4 |  4.5
Armour         | 4 |  4.5
Evocations     | 1 |  1.8

Action                   |  1- 3 |  4- 6 || total
-------------------------+-------+-------++-------
Melee: War axe           |   101 |   162 ||   263
  Use: Potion            |     5 |     5 ||    10
       Scroll            |     3 |    10 ||    13
Armor: Scale mail        |    45 |     2 ||    47
       Ring mail         |       |    79 ||    79
Dodge: Dodged            |    59 |    95 ||   154
Block: Buckler           |    26 |    45 ||    71

Table legend: (Time is in decaauts)
 A = Elapsed time spent in this place.
 B = Non-inter-level travel time spent in this place.
 C = Inter-level travel time spent in this place.
 D = Time resting spent in this place.
 E = Time spent auto-exploring this place.
 F = Levels seen in this place.
 G = Mean time per level.
                   A        B        C        D        E       F      G
               +--------+--------+--------+--------+--------+-----+--------+
         Total |   3607 |   3521 |     86 |      0 |   2849 |   6 |  601.2 |
       Dungeon |   3607 |   3521 |     86 |      0 |   2849 |   6 |  601.2 |
               +--------+--------+--------+--------+--------+-----+--------+

Top non-repeatable levels by time:
     D:2: 1125 daAuts
     D:4: 887 daAuts
     D:1: 874 daAuts
     D:3: 528 daAuts
     D:5: 159 daAuts
     D:8: 33 daAuts
